Map: Terraform LE (Void)

Players

Troll - Winner!

  • Race: Protoss Protoss
  • League: Bronze

SticklerMac

  • Race: Zerg Zerg
  • League: Grandmaster

VOD

Have the link to the VOD?

Description

Time

  • Played on: July 18, 2015, 3:46 p.m.
  • Length: 11:28
Show
View Real Time Build Order
Export as new Build Order

Troll Protoss - Winner!

Build Orders:  

Get SALT Encoding   

  12  0:18  Probe  
  13  0:21  Pylon  
  13  0:30  Probe  
  14  0:42  Probe (Chrono Boost)  
  15  0:44  Forge  
  15  0:54  Probe (Chrono Boost)  
  16  1:00  Probe (Chrono Boost)  
  18  1:11  Probe (Chrono Boost)  
  18  1:19  Probe (Chrono Boost)  
  19  1:26  Pylon  
  19  1:27  Pylon  
  19  1:28  Pylon  
  19  1:30  Probe  
  20  1:43  Probe  
  20  1:47  Photon Cannon  
  21  1:48  Pylon  
  21  1:53  Photon Cannon  
  21  2:01  Photon Cannon  
  21  2:02  Probe (Chrono Boost)  
  22  2:12  Probe (Chrono Boost)  
  23  2:19  Probe  
  24  2:26  Gateway  
  24  2:28  Assimilator  
  24  2:31  Probe  
  24  2:34  Photon Cannon  
  25  2:38  Pylon  
  25  2:43  Probe  
  26  2:55  Probe  
  26  2:57  Photon Cannon  
  26  2:58  Photon Cannon  
  27  3:04  Photon Cannon  
  27  3:11  Photon Cannon  
  27  3:18  Pylon  
  26  3:43  Probe (Chrono Boost)  
  26  3:47  Cybernetics Core  
  27  3:51  Zealot  
  27  3:53  Probe (Chrono Boost)  
  27  3:54  Assimilator  
  30  4:08  Probe  
  31  4:18  Zealot (Chrono Boost)  
  33  4:26  Warp Gate (Chrono Boost)  
  33  4:35  Nexus  
  33  4:37  Robotics Facility  
  35  4:45  Stalker (Chrono Boost)  
  35  4:53  Pylon  
  35  5:13  Gateway  
  35  5:16  Gateway  
  35  5:21  Warp Prism (Chrono Boost), Photon Cannon  
  37  5:34  Gateway  
  37  5:36  Gateway  
  37  5:41  Mothership Core (Chrono Boost)  
  39  5:49  Pylon  
  39  5:53  Immortal  
  39  5:56  Probe  
  44  6:10  Pylon  
  44  6:16  Probe x2  
  46  6:44  Assimilator  
  46  6:46  Assimilator  
  46  6:54  Zealot x2  
  46  6:55  Zealot  
  52  7:03  Zealot x2  
  56  7:23  Adept x5  
  56  7:25  Probe  
  67  7:31  Probe  
  68  7:38  Probe  
  69  7:45  Stalker x3  
  75  7:57  Pylon  
  75  7:59  Pylon  
  75  8:02  Pylon  
  73  8:43  Zealot  
  73  8:44  Zealot x4  
  83  8:51  Probe x2  
  85  9:02  Stalker  
  87  9:03  Sentry x2  
  91  9:13  Probe x2  
  93  9:20  Stargate  
  93  9:22  Stargate  
  93  9:24  Stargate  
  93  9:48  Pylon  
  93  9:49  Pylon  
  91  10:02  Stalker x4  
  99  10:09  Probe  
  99  10:12  Phoenix x2 (Chrono Boost)  
  99  10:13  Phoenix (Chrono Boost)  
  106  10:21  Probe  
  107  10:38  Phoenix x2  
  107  10:39  Phoenix  
  113  10:47  Pylon  
  113  10:48  Pylon  
Show
View Real Time Build Order
Export as new Build Order

SticklerMac Zerg 

Build Orders: 3 Hatch before Pool 

Get SALT Encoding   

  12  0:00  Drone  
  13  0:08  Drone  
  14  0:17  Overlord  
  14  0:43  Hatchery  
  13  1:16  Hatchery  
  12  1:19  Drone x2  
  12  1:20  Drone  
  15  1:42  Spawning Pool  
  14  1:49  Drone x2  
  14  1:53  Drone  
  17  1:58  Drone  
  17  2:29  Queen  
  19  2:33  Drone x2  
  19  2:34  Drone x4  
  19  2:35  Drone  
  25  2:44  Queen  
  27  3:00  Zergling x2  
  28  3:13  Overlord x4  
  27  3:35  Zergling x10  
  30  3:46  Zergling x4  
  28  3:54  Spine Crawler  
  28  3:55  Spine Crawler  
  25  4:02  Drone  
  24  4:08  Zergling x2  
  24  4:09  Zergling x4  
  26  4:16  Zergling x6  
  26  4:17  Zergling x2  
  30  4:19  Drone  
  30  4:22  Zergling x2  
  32  4:37  Drone, Extractor  
  32  4:42  Zergling x6  
  35  4:53  Zergling x4  
  37  5:11  Hatchery, Zergling x6  
  37  5:12  Zergling x6  
  42  5:16  Overlord  
  42  5:21  Drone  
  42  5:25  Drone  
  44  5:37  Zergling x4  
  46  5:43  Zergling x2  
  47  5:53  Drone  
  47  5:55  Drone x2  
  50  6:04  Metabolic Boost  
  48  6:11  Zergling x6  
  50  6:24  Zergling x8  
  50  6:25  Zergling x4  
  42  6:38  Queen  
  42  6:39  Zergling x2  
  43  6:40  Zergling x8  
  32  7:14  Hatchery  
  29  7:35  Drone x5  
  29  7:36  Drone  
  35  7:57  Hatchery  
  34  8:03  Hatchery  
  19  8:27  Drone  
  14  8:35  Hatchery, Overlord  
  13  8:54  Drone  
  6  9:08  Hatchery  
  5  9:35  Hatchery  
  4  10:01  Drone  
  3  10:39  Hatchery  
Tags
 
Add a new tag
Caveats
  • Supply blocks, unpowered buildings, or Contaminate may cause inaccurate times.
  • Supply counts are checked every 10 seconds.